 Dungeon Crawl Stone Soup version 0.29.1-13-g9f3cf754e1 (webtiles) character file.

Game seed: 8215403991206824359

21 Vulpanium the Trooper (level 2, 0/27 HPs)
             Began as a Draconian Chaos Knight on Jan 21, 2023.
             Was a Plaything of Xom.
             Succumbed to a kobold's poison
             ... on level 1 of the Dungeon.
             The game lasted 00:01:58 (681 turns).

Vulpanium the Trooper (Draconian Chaos Knight)       Turns: 681, Time: 00:01:59

Health: 0/27       AC:  5    Str: 14    XL:     2   Next: 65%
Magic:  2/2        EV: 12    Int: 12    God:    Xom [..*...]
Gold:   40         SH:  0    Dex: 10    Spells: 1/1 levels left

rFire   . . .      SeeInvis .   a - +0 hand axe (chaos)
rCold   . . .      Faith    .   (no shield)
rNeg    . . .      Spirit   .   (body armour unavailable)
rPois   .          Reflect  .   (helmet restricted)
rElec   .          Harm     .   (no cloak)
rCorr   .          Rampage  .   (no gloves)
Will    .....                   c - +0 pair of boots
Stlth   +.........              (no amulet)
HPRegen 0.09/turn               (no ring)
MPRegen 0.08/turn               (no ring)

@: lethally poisoned (0 -> -2)
A: AC +4, unfitting armour, cold-blooded
a: Renounce Religion


You were on level 1 of the Dungeon.
You worshipped Xom.
You were a toy of Xom.
You visited 1 branch of the dungeon, and saw 1 of its levels.

You collected 40 gold pieces.

Inventory:

Hand Weapons
 a - a +0 hand axe of chaos (weapon)
Armour
 c - a +0 pair of boots (worn)
Scrolls
 e - a scroll of summoning {unknown}
Potions
 d - a potion of lignification {unknown}
 f - a potion of haste {unknown}
Miscellaneous
 b - a piece from Xom's chessboard (15/15) (quivered)


   Skills:
 + Level 3.7 Fighting
 + Level 3.4 Axes
 + Level 2.4 Dodging


You had one spell level left.
You didn't know any spells.
Your spell library was empty.

Dungeon Overview and Level Annotations

Branches:
Dungeon (1/15)

Altars:


Innate Abilities, Weirdness & Mutations

Your plain brown scales are hard. (AC +4)
You cannot fit into any form of body armour.
You are cold-blooded and may be slowed by cold attacks.


Message History

The kobold hits you with a +1 whip of venom.
You are poisoned.
You closely miss the giant cockroach. You hit the endoplasm.
You burn the endoplasm. You hit the kobold.
You feel better.
You kill the kobold!
You feel very sick. The giant cockroach closely misses you.
The giant cockroach barely misses you. The endoplasm freezes you.
You are frozen.
You feel yourself slow down.
You barely miss the giant cockroach. You hit the endoplasm.
You kill the endoplasm!
* * * LOW HITPOINT WARNING * * *
You feel very sick.
The giant cockroach bites you but does no damage.
The giant cockroach misses you.
You closely miss the giant cockroach.
You feel yourself speed up.
* * * LOW HITPOINT WARNING * * *
You feel sick. The giant cockroach barely misses you.
The giant cockroach bites you.
* * * LOW HITPOINT WARNING * * *
You hit the giant cockroach.
The giant cockroach is almost dead.
* * * LOW HITPOINT WARNING * * *
You feel sick.
The giant cockroach bites you but does no damage.
The giant cockroach bites you.
* * * LOW HITPOINT WARNING * * *
You hit the giant cockroach.
You tail-slap the giant cockroach, but do no damage.
The giant cockroach is almost dead.
You hit the giant cockroach.
You kill the giant cockroach!
* * * LOW HITPOINT WARNING * * *
You feel sick. The giant cockroach barely misses you.
The giant cockroach bites you but does no damage.
You hit the giant cockroach.
You kill the giant cockroach!
You die...
Xom titters!

#.# #.# # #.# #.# .
#.# #.# .# #.#
#.#########.#
#.#####...>.......B
#...†.....#.###.#.
# .
###..########.....#
# .##....# #..†..#
# .##.##.# #.@...#
##### .##.##.#
#..)..# .....
.##.##.# #.........
### .##.##.#
#.....#### #
.##....# #.....#
### .......#
####### #..
.......# #.#
.###.#.# #.# .#
#.#.# #.#


There were no monsters in sight!

Vanquished Creatures
  A dart slug (D:1)
  3 endoplasms (D:1)
  3 giant cockroaches (D:1)
  3 hobgoblins (D:1)
  3 jackals (D:1)
  2 ball pythons (D:1)
  A bat (D:1)
  A kobold (D:1)
17 creatures vanquished.

Notes
Turn   | Place    | Note
-------+----------+-------------------------------------------
     0 | D:1      | Vulpanium the Draconian Chaos Knight began the quest for
                  | the Orb.
     0 | D:1      | Reached XP level 1. HP: 19/19 MP: 1/1
   167 | D:1      | XOM: silly message
   303 | D:1      | Reached XP level 2. HP: 22/26 MP: 2/2
   674 | D:1      | XOM: silly message
   680 | D:1      | HP: 1/27 [poisoned by a kobold]
   681 | D:1      | Succumbed to a kobold's poison

Illustrated notes

Levels and vault maps discovered:
D:1:      lemuel_arrival_hallway, layout_loops_ring, minmay_crystal_room

Action                   || total
-------------------------++-------
Melee: Hand axe          ||    48
       Tailslap          ||     6
       Punch             ||     2
Armor: Skin              ||    20
Dodge: Dodged            ||    41
